 Dungeon Crawl Stone Soup version 0.23-a0-644-gb60d84b (webtiles) character file.

5243 Lanoc the Blocker (level 10, -9/82 HPs)
             Began as a Gnoll Fighter on Jan 1, 2019.
             Was a Follower of Qazlal.
             Mangled by a vampire (12 damage)
             ... on level 11 of the Dungeon.
             The game lasted 00:30:04 (9466 turns).

Lanoc the Blocker (Gnoll Fighter)                   Turns: 9466, Time: 00:30:05

Health: -9/82      AC:  9    Str: 24    XL:     10   Next: 62%
Magic:  18/18      EV: 21    Int: 10    God:    Qazlal [*.....]
Gold:   583        SH: 15    Dex: 21    Spells: 18/20 levels left

rFire    + . .     SeeInvis .   H - +1 spear (chaos)
rCold    + + .     Gourm    .   c - +0 shield
rNeg     . . .     Faith    .   F - +0 steam dragon scales
rPois    +         Spirit   .   p - +1 hat
rElec    +         Reflect  .   q - +0 cloak
rCorr    +         Harm     .   (no gloves)
MR       .....                  (no boots)
Stlth    ++++......             (no amulet)
HPRegen  0.23/turn              u - ring of protection from cold
MPRegen  0.16/turn              (no ring)

@: mighty, agile, resistant
A: distributed training, fangs 1, blurry vision 1, sense surroundings 1, weak 1,
sturdy frame 1, strong nose
a: Renounce Religion


You were on level 11 of the Dungeon.
You worshipped Qazlal.
Qazlal was aware of your devotion.
You were hungry.

You visited 3 branches of the dungeon, and saw 13 of its levels.

You collected 636 gold pieces.
You spent 14 gold pieces at shops.
You donated 39 gold pieces to Zin.

Inventory:

Hand Weapons
 s - a +3 dagger of freezing
 t - a +5 great sword
 B - a +5 dire flail
 H - a +1 spear of chaos (weapon)
Missiles
 j - 11 javelins (quivered)
 k - 82 sling bullets
 m - 5 curare-tipped needles
 E - 2 poisoned javelins
Armour
 c - a +0 shield (worn)
 p - a +1 hat (worn)
 q - a +0 cloak (worn)
 F - +0 steam dragon scales (worn)
Magical Staves
 g - an uncursed staff of air
Jewellery
 u - a ring of protection from cold (left hand)
Wands
 a - a wand of enslavement (8)
 z - a wand of random effects (14)
Scrolls
 e - 2 scrolls of identify
 h - 2 scrolls of immolation
 l - a scroll of fear
 o - 2 scrolls of remove curse
 v - a scroll of silence
 x - a scroll of holy word
 y - 4 scrolls of teleportation
 C - 3 scrolls of magic mapping
 G - a scroll of amnesia
 I - a scroll of fog {unknown}
 J - a scroll of enchant armour {unknown}
Potions
 i - 2 potions of brilliance
 w - a potion of invisibility
 A - a potion of resistance
 D - a potion of cancellation
Comestibles
 b - 5 chunks of flesh
 f - 22 rations


   Skills:
 + Level 8.9 Fighting
 + Level 5.9 Short Blades
 + Level 7.5 Long Blades
 + Level 5.9 Axes
 + Level 5.9 Maces & Flails
 + Level 5.9 Polearms
 + Level 5.9 Staves
 + Level 5.9 Slings
 + Level 5.9 Bows
 + Level 5.9 Crossbows
 + Level 5.9 Throwing
 + Level 8.9 Armour
 + Level 5.9 Dodging
 + Level 5.9 Stealth
 + Level 8.9 Shields
 + Level 5.9 Unarmed Combat
 + Level 5.9 Spellcasting
 + Level 4.8 Conjurations
 + Level 4.8 Hexes
 + Level 4.8 Charms
 + Level 4.8 Summonings
 + Level 4.8 Necromancy
 + Level 4.8 Translocations
 + Level 4.8 Transmutations
 + Level 4.8 Fire Magic
 + Level 4.8 Ice Magic
 + Level 4.8 Air Magic
 + Level 4.8 Earth Magic
 + Level 4.8 Poison Magic
 + Level 6.4 Invocations
 + Level 5.9 Evocations


You had 18 spell levels left.
You knew the following spells:

 Your Spells              Type           Power        Failure   Level  Hunger
a - Ensorcelled Hibernat  Hex/Ice        ##....       10%         2    ##.....

Your spell library contained the following spells:

 Spells                   Type           Power        Failure   Level  Hunger
 Confusing Touch          Hex            ##....       6%          1    None
 Corona                   Hex            ##.....      6%          1    None
 Confuse                  Hex            ##......     19%         3    ###....
 Dazzling Spray           Conj/Hex       ##....       19%         3    ###....
 Gell's Gravitas          Tloc           ##........   19%         3    ###....
 Tukima's Dance           Hex            ##......     19%         3    ###....
 Petrify                  Tmut/Erth      ##......     52%         4    ####...
 Metabolic Englaciation   Hex/Ice        ##........   86%         5    ######.
 Yara's Violent Unravell  Hex/Tmut       ##........   86%         5    ######.


Dungeon Overview and Level Annotations

Branches:
Dungeon (11/15)            Temple (1/1) D:5            Lair (0/6) D:10
    Orc (1/2) D:9

Altars:
Ashenzari
Cheibriados
Dithmenos
Elyvilon
Fedhas
Gozag
Hepliaklqana
Kikubaaqudgha
Makhleb
Nemelex Xobeh
Okawaru
Qazlal
Ru
Sif Muna
Trog
Uskayaw
Vehumet
Wu Jian
Xom
Yredelemnul
Zin
The Shining One

Shops:
D:4 (%   D:10 ?


Innate Abilities, Weirdness & Mutations

Your experience applies equally to all skills.
You have very sharp teeth.
Your uncanny sense of smell can sniff out nearby items.
Scrolls take you a little longer to read.
You passively map a small area around you.
You are weak. (Str -2)
Your movements are slightly less encumbered by armour. (ER -2)


Message History

You closely miss something. You bite something! You block something's attack.
Something bites you but does no damage.
You hit something. Your bite misses something. You block something's attack.
Something barely misses you.
Your shield prevents you from hitting something.
You block something's attack. Something bites you but does no damage.
You hit something. Something hits you!
* * * LOW HITPOINT WARNING * * *
Something closely misses you.
You barely miss something. You bite something!
Unholy energy fills the air.
* * * LOW HITPOINT WARNING * * *
You feel better.
A vampire appears from thin air!
Reactivating autopickup.
The vampire is infused with unholy energy.
* * * LOW HITPOINT WARNING * * *
The vampire draws life force from you and is healed!
It was a potion of resistance.
You feel protected. You block the vampire's attack. The vampire bites you!
You die...

### #@# #V# ###a#
#.Os# #.#Y#* * *
#a#.# , < , #.#.# ***
* * # *###### #a#Y#
###.##..YY####O#.#.##


You could see 2 yaks, a vampire, an ogre, a scorpion and a worker ant.

Vanquished Creatures
  A two-headed ogre (D:10)
  Psyche (D:10)
  Sigmund (D:2)
  A hungry ghost (D:11)
  4 hogs (D:7)
  A human (D:7)
  A steam dragon (D:10)
  Menkaure (D:4)
  An ice beast (D:10)
  2 orc warriors
  A sky beast (D:6)
  A black bear (D:6)
  2 ogres
  A phantom (D:6)
  A centaur (D:8)
  2 big kobolds
  6 bullfrogs
  A wyvern skeleton (D:6)
  3 scorpions (D:9)
  7 wights
  4 howler monkeys (D:9)
  A crimson imp (D:7)
  A quasit (D:8)
  9 orc wizards
  A jelly (D:5)
  4 orc priests
  3 hounds
  4 bullfrog skeletons
  A centaur skeleton (D:4)
  An iguana (D:4)
  3 worker ants
  A hound zombie (D:6)
  A howler monkey zombie (D:6)
  Robin (D:2)
  7 adders
  12 gnolls
  2 shadow imps
  5 worms
  4 dart slugs
  2 leopard geckos
  14 orcs
  6 giant cockroaches
  20 goblins
  10 hobgoblins
  8 jackals
  21 kobolds
  3 quokkas
  2 ball pythons
  6 bats
  11 frilled lizards
  13 rats
220 creatures vanquished.

Vanquished Creatures (others)
  An orc (D:10)
1 creature vanquished.

Grand Total: 221 creatures vanquished

Notes
Turn   | Place    | Note
-------+----------+-------------------------------------------
     0 | D:1      | Lanoc the Gnoll Fighter began the quest for the Orb.
     0 | D:1      | Reached XP level 1. HP: 23/23 MP: 1/1
   131 | D:1      | Reached XP level 2. HP: 29/29 MP: 2/2
   332 | D:1      | Reached XP level 3. HP: 35/35 MP: 3/3
   720 | D:2      | Reached skill level 1 in Invocations
   744 | D:2      | Noticed Robin
   765 | D:2      | Killed Robin
   765 | D:2      | Reached skill level 1 in Short Blades
   765 | D:2      | Reached skill level 1 in Axes
   765 | D:2      | Reached skill level 1 in Maces & Flails
   765 | D:2      | Reached skill level 1 in Polearms
   765 | D:2      | Reached skill level 1 in Staves
   765 | D:2      | Reached skill level 1 in Slings
   765 | D:2      | Reached skill level 1 in Bows
   765 | D:2      | Reached skill level 1 in Crossbows
   765 | D:2      | Reached skill level 1 in Throwing
   765 | D:2      | Reached skill level 1 in Dodging
   765 | D:2      | Reached skill level 1 in Stealth
   765 | D:2      | Reached skill level 1 in Unarmed Combat
   765 | D:2      | Reached skill level 1 in Spellcasting
   765 | D:2      | Reached skill level 1 in Evocations
   765 | D:2      | Reached XP level 4. HP: 32/41 MP: 5/5
   896 | D:2      | Noticed Sigmund
   905 | D:2      | Reached XP level 5. HP: 16/49 MP: 5/11
   906 | D:2      | Gained mutation: Scrolls take you a little longer to read.
                  | [potion of mutation]
   906 | D:2      | Gained mutation: You passively map a small area around you.
                  | [potion of mutation]
   906 | D:2      | Gained mutation: You are weak. (Str -2) [potion of
                  | mutation]
   906 | D:2      | Gained mutation: Your movements are slightly less
                  | encumbered by armour. (ER -2) [potion of mutation]
  1148 | D:2      | Killed Sigmund
  1148 | D:2      | Reached XP level 6. HP: 36/56 MP: 12/12
  1988 | D:3      | Reached XP level 7. HP: 35/61 MP: 13/13
  2063 | D:3      | HP: 1/61 [orc priest/divine providence (14)]
  3075 | D:4      | Noticed Menkaure
  3082 | D:4      | Killed Menkaure
  3556 | D:4      | Found Pany's Food Emporium.
  3580 | D:4      | Found Leymur's Antique Weapon Shoppe.
  3691 | D:4      | Learned a level 2 spell: Ensorcelled Hibernation
  3730 | D:4      | Reached skill level 5 in Invocations
  3730 | D:4      | Reached XP level 8. HP: 42/68 MP: 14/14
  3753 | D:4      | Found a blossoming altar of Fedhas.
  3923 | D:5      | Entered Level 5 of the Dungeon
  4052 | D:5      | Found a sparkling altar of Nemelex Xobeh.
  4084 | D:5      | Found a staircase to the Ecumenical Temple.
  4107 | Temple   | Entered the Ecumenical Temple
  5267 | D:6      | Noticed an angel
  5502 | D:6      | Found a shimmering altar of Xom.
  5509 | D:6      | Found a glowing silver altar of Zin.
  5519 | D:6      | Became a worshipper of Zin the Law-Giver
  5519 | D:6      | Reached * piety under Zin
  5735 | D:7      | Reached XP level 9. HP: 74/74 MP: 16/16
  5757 | D:7      | Found a burning altar of Makhleb.
  5758 | D:7      | Reached ** piety under Zin
  5886 | D:7      | Found a snail-covered altar of Cheibriados.
  5893 | D:7      | Found an ancient bone altar of Kikubaaqudgha.
  5900 | D:7      | Found a shattered altar of Ashenzari.
  5907 | D:7      | Found a glowing golden altar of the Shining One.
  5914 | D:7      | Found a stormy altar of Qazlal.
  5918 | D:7      | Fell from the grace of Zin
  5918 | D:7      | Became a worshipper of Qazlal Stormbringer
  5924 | D:7      | Found a hazy altar of Hepliaklqana.
  5929 | D:7      | Found a white marble altar of Elyvilon.
  6176 | D:6      | Reached skill level 5 in Short Blades
  6176 | D:6      | Reached skill level 5 in Axes
  6176 | D:6      | Reached skill level 5 in Maces & Flails
  6176 | D:6      | Reached skill level 5 in Polearms
  6176 | D:6      | Reached skill level 5 in Staves
  6176 | D:6      | Reached skill level 5 in Slings
  6176 | D:6      | Reached skill level 5 in Bows
  6176 | D:6      | Reached skill level 5 in Crossbows
  6176 | D:6      | Reached skill level 5 in Throwing
  6176 | D:6      | Reached skill level 5 in Dodging
  6176 | D:6      | Reached skill level 5 in Stealth
  6176 | D:6      | Reached skill level 5 in Unarmed Combat
  6176 | D:6      | Reached skill level 5 in Spellcasting
  6176 | D:6      | Reached skill level 5 in Evocations
  7411 | D:8      | Reached * piety under Qazlal
  7597 | D:8      | Reached XP level 10. HP: 64/82 MP: 18/18
  8083 | D:9      | Found a staircase to the Orcish Mines.
  8178 | D:9      | Found an iron altar of Okawaru.
  8564 | Orc:1    | Entered Level 1 of the Orcish Mines
  8569 | D:10     | Entered Level 10 of the Dungeon
  8753 | D:10     | Noticed a two-headed ogre
  8786 | D:10     | Killed a two-headed ogre
  8857 | D:10     | Found Recah's Magic Scroll Shop.
  8865 | D:10     | Bought a scroll of noise for 14 gold pieces
  8912 | D:10     | Noticed Psyche
  8918 | D:10     | Paralysed by Psyche for 2 turns
  8924 | D:10     | Killed Psyche
  8972 | D:10     | Found a staircase to the Lair.
  9359 | D:10     | Found a shimmering altar of Xom.
  9416 | D:11     | Noticed a gargoyle
  9464 | D:11     | HP: 3/82 [something/vampiric draining (9)]
  9466 | D:11     | Mangled by a vampire

Vault maps used:
D:1:      erik_arrival_cave_to_civilisation, minivault_23, minmay_tromino_v4_c
D:2:      uniq_robin, uniq_sigmund
D:3:      cheibrodos_sewer_entry_drain, skrybe_limestone_x,
          chequers_serial_rivers_large_a, minmay_lizard_king
D:4:      fedhas_ov_isle_minmay, serial_shops, shop, shop, first_ration,
          serial_bayou_pond_b, serial_bayou_pond_a, uniq_menkaure
D:5:      nemelex_xobeh_ov_fountains_minmay,
          minmay_temple_entry_statues_fountains
D:6:      grunt_temple_overflow_order_and_chaos_1, palyth_stone_intersect,
          hangedman_decor_push
D:7:      old_standard_altar, grunt_temple_overflow_octagram, grunt_livestock
D:9:      okawaru_trees_1, orc_0_dummy
D:10:     lair_entry_dummy, serial_shops, shop, tgw_xom, uniq_psyche
D:11:     minmay_alternating_orb, uniq_sonja
Temple:   compressed_dpeg_triangle_lava_temple

Skill      XL: |  1  2  3  4  5  6  7  8  9 10 |
---------------+-------------------------------+-----
Invocations    | 1 4 5 6 |  6.4
Short Blades   | 1 4 5 |  5.9
Axes           | 1 4 5 |  5.9
Maces & Flails | 1 4 5 |  5.9
Polearms       | 1 4 5 |  5.9
Staves         | 1 4 5 |  5.9
Slings         | 1 4 5 |  5.9
Bows           | 1 4 5 |  5.9
Crossbows      | 1 4 5 |  5.9
Throwing       | 1 4 5 |  5.9
Dodging        | 1 4 5 |  5.9
Stealth        | 1 4 5 |  5.9
Unarmed Combat | 1 4 5 |  5.9
Spellcasting   | 1 4 5 |  5.9
Evocations     | 1 4 5 |  5.9
Fighting       | 7 8 |  8.9
Long Blades    | 6 7 |  7.5
Armour         | 7 8 |  8.9
Shields        | 7 8 |  8.9
Conjurations   | 3 4 |  4.8
Hexes          | 3 4 |  4.8
Charms         | 3 4 |  4.8
Summonings     | 3 4 |  4.8
Necromancy     | 3 4 |  4.8
Translocations | 3 4 |  4.8
Transmutations | 3 4 |  4.8
Fire Magic     | 3 4 |  4.8
Ice Magic      | 3 4 |  4.8
Air Magic      | 3 4 |  4.8
Earth Magic    | 3 4 |  4.8
Poison Magic   | 3 4 |  4.8

Action                   |  1- 3 |  4- 6 |  7- 9 | 10-12 || total
-------------------------+-------+-------+-------+-------++-------
Melee: Long sword        |   109 |    79 |   530 |   126 ||   844
       Bite              |    15 |    17 |    76 |    29 ||   137
       Dagger            |       |       |       |    60 ||    60
       Spear             |       |       |       |    16 ||    16
  Use: Potion            |       |     4 |     2 |     6 ||    12
       Scroll            |       |     3 |     8 |     7 ||    18
 Stab: Sleeping          |       |     1 |     7 |       ||     8
  Eat: Chunk             |       |     3 |    12 |     7 ||    22
       Ration            |       |       |     2 |       ||     2
Armor: Scale mail        |    22 |    22 |   138 |    21 ||   203
       Steam dragon scal |       |       |       |    17 ||    17
Dodge: Dodged            |    30 |    25 |   193 |    95 ||   343
Block: Shield            |    60 |    29 |   272 |   122 ||   483
       Rpst.: Long sword |     4 |    12 |    59 |    14 ||    89

Table legend:
 A = Non-vault XP
 B = Vault XP
 C = Vault XP percentage of total XP
 D = Non-vault monster count
 E = Vault monster count
 F = Vault count percentage of total count
                 A         B        C        D         E       F
            +---------+---------+-------+---------+---------+-------
      Total |    5504 |    1874 |  25.4 |     183 |      37 |  16.8
            +---------+---------+-------+---------+---------+-------
        D:1 |      49 |       2 |   3.9 |      29 |       1 |   3.3
        D:2 |      53 |     257 |  82.9 |      20 |      12 |  37.5
        D:3 |     301 |      18 |   5.6 |      32 |      13 |  28.9
        D:4 |     359 |     174 |  32.6 |      10 |       2 |  16.7
        D:5 |     151 |       0 |   0.0 |      12 |       0 |   0.0
        D:6 |     999 |       0 |   0.0 |      17 |       0 |   0.0
        D:7 |     362 |     969 |  72.8 |      16 |       5 |  23.8
        D:8 |     894 |       0 |   0.0 |      20 |       0 |   0.0
        D:9 |     864 |       0 |   0.0 |      15 |       0 |   0.0
       D:10 |    1232 |     454 |  26.9 |      10 |       4 |  28.6
       D:11 |     240 |       0 |   0.0 |       2 |       0 |   0.0
            +---------+---------+-------+---------+---------+-------
